 Dungeon Sprint DCSS version 0.23.0-3-gf3c87f2 (webtiles) character file.

Game seed: 3313080359254892635

10639 nuthulu the Scorcher (level 11, -2/96 HPs)
             Began as a Gargoyle Fire Elementalist on Feb 20, 2019.
             Was the Champion of Vehumet.
             Killed from afar by Nikola (5 damage)
             ... with a chain lightning
             ... in the Dungeon (Sprint V: "Ziggurat Sprint").
             The game lasted 00:07:50 (1061 turns).

nuthulu the Scorcher (Gargoyle Fire Elementalist)   Turns: 1061, Time: 00:07:50

Health: -2/96      AC: 13    Str: 21    XL:     11   Next: 65%
Magic:  10/28      EV:  5    Int: 24    God:    Vehumet [******]
Gold:   0          SH: 28    Dex:  7    Spells: 12/37 levels left

rFire    + . .     SeeInvis +   l - staff of fire
rCold    + + +     Gourm    .   E - +18 shield of the Gong {rElec rN+ MR+ EV-5}
rNeg     + + .     Faith    .   a - +0 robe
rPois    ∞         Spirit   .   (no helmet)
rElec    +         Reflect  .   G - +2 cloak of the Thief {+Fog Slay-2 SInv Stlth+}
rCorr    .         Harm     .   (no gloves)
MR       +....     NoTele   +   (no boots)
Stlth    ..........             L - amulet "Cout" {Acrobat rC+++ Str-2 Dex-4 Slay+6}
HPRegen  0.26/turn              z - +6 ring of intelligence
MPRegen  0.21/turn              C - +6 ring of strength

@: mighty, berserking, very slightly contaminated, hasted, invisible, very quick
A: negative energy resistance 1, electricity resistance, unbreathing,
petrification resistance, rot immunity, AC +8
a: Renounce Religion, Evoke Fog


You were in the Dungeon.
You worshipped Vehumet.
Vehumet was exalted by your worship.
You were not hungry.

You visited 1 branch

Inventory:

Hand Weapons
 D - the +6 shillelagh "Devastator" {shatter}
   (You found it in the Dungeon)
Armour
 a - a +0 robe (worn)
 E - the +18 shield of the Gong (worn) {rElec rN+ MR+ EV-5}
   (You found it in the Dungeon)

   It affects your evasion (-5).
   It insulates you from electricity.
   It protects you from negative energy.
   It affects your resistance to hostile enchantments.
 G - the +2 cloak of the Thief (worn) {+Fog Slay-2 SInv Stlth+}
   (You found it in the Dungeon)

   It affects your accuracy and damage with ranged weapons and melee attacks
   (-2).
   It lets you see invisible.
   It makes you more stealthy.
Magical Staves
 l - an uncursed staff of fire (weapon)
Jewellery
 x - a +6 ring of dexterity
 y - a +6 ring of dexterity
 z - a +6 ring of intelligence (left hand)
 A - a +6 ring of intelligence
 B - a +6 ring of strength
 C - a +6 ring of strength (right hand)
 F - an uncursed ring of protection from fire
 H - the ring of Departure {rF+ rC+ Stlth+}
   (You found it in the Dungeon)

   [ring of stealth]

   It protects you from fire.
   It protects you from cold.
   It makes you more stealthy.
 J - an uncursed ring of protection from magic
 K - a cursed +4 ring of evasion
 L - the amulet "Cout" (around neck) {Acrobat rC+++ Str-2 Dex-4 Slay+6}
   (You found it in the Dungeon)

   [amulet of the acrobat]

   It helps you evade while moving and waiting.
   It affects your strength (-2).
   It affects your dexterity (-4).
   It affects your accuracy and damage with ranged weapons and melee attacks
   (+6).
   It renders you almost immune to cold.
 M - an uncursed ring of fire
 O - a +1 ring of evasion
Wands
 u - a wand of disintegration (7)
 v - a wand of iceblast (7)
 w - a wand of acid (7)
Scrolls
 i - 4 scrolls of blinking
 o - 4 scrolls of amnesia
 p - 7 scrolls of fog
 q - a scroll of holy word
 r - 5 scrolls of identify
 s - 5 scrolls of remove curse
 t - 2 scrolls of fear
 N - a scroll of brand weapon
Potions
 b - 2 potions of brilliance
 d - 10 potions of curing
 e - 20 potions of heal wounds
 f - 4 potions of haste
 g - 6 potions of magic
 h - a potion of berserk rage
 j - a potion of invisibility
 k - 4 potions of resistance
 m - 5 potions of agility
 n - 3 potions of might
Comestibles
 c - 7 rations


   Skills:
 + Level 6.2 Fighting
 + Level 6.2 Armour
 - Level 1.5 Dodging
 - Level 2.1 Stealth
 + Level 6.2 Shields
 + Level 13.6 Spellcasting
 + Level 15.7 Conjurations
 + Level 16.1 Fire Magic


You had 12 spell levels left.
You knew the following spells:

 Your Spells              Type           Power        Failure   Level  Hunger
a - Flame Tongue          Conj/Fire      #####        0%          1    None
b - Fireball              Conj/Fire      #######...   1%          5    ###....
c - Sticky Flame          Conj/Fire      #######.     1%          4    None
d - Bolt of Fire          Conj/Fire      #######...   1%          6    #####..
e - Fire Storm            Conj/Fire      #######...   98%         9    #######

Your spell library contained the following spells:

 Spells                   Type           Power        Failure   Level  Hunger
 Stone Arrow              Conj/Erth      ######       1%          3    None
 Sting                    Conj/Pois      ####         1%          1    None
 Throw Flame              Conj/Fire      ######       1%          2    None
 Conjure Flame            Conj/Fire      #######.     1%          3    None
 Inner Flame              Hex/Fire       ######..     1%          3    None
 Mephitic Cloud           Conj/Pois/Air  #####...     1%          3    None
 Force Lance              Conj/Tloc      ######..     1%          4    None
 Bolt of Magma            Conj/Fire/Erth #######...   1%          5    ###....
 Iskenderun's Battlesphe  Conj/Chrm      ######..     3%          5    ###....
 Venom Bolt               Conj/Pois      ######....   3%          5    ###....
 Orb of Destruction       Conj           #######...   4%          7    ######.
 Apportation              Tloc           ###...       12%         1    None
 Blink                    Tloc           N/A          17%         2    None
 Ensorcelled Hibernation  Hex/Ice        ###...       17%         2    None
 Passwall                 Tmut/Erth      ###.....     17%         2    None
 Poisonous Vapours        Pois/Air       ###...       17%         2    None
 Shroud of Golubria       Chrm/Tloc      ###.......   17%         2    None
 Iron Shot                Conj/Erth      ######....   17%         6    #####..
 Poison Arrow             Conj/Pois      ######....   17%         6    #####..
 Olgreb's Toxic Radiance  Pois           ###.....     28%         4    None
 Gell's Gravitas          Tloc           ###.......   34%         3    None
 Lesser Beckoning         Tloc           ###.......   34%         3    None
 Recall                   Summ/Tloc      N/A          34%         3    None
 Summon Guardian Golem    Hex/Summ       ###.....     34%         3    None
 Teleport Other           Tloc           ###.....     34%         3    None
 Spellforged Servitor     Conj/Summ      ######....   65%         7    ######.
 Cause Fear               Hex            ###.......   75%         4    None
 Passage of Golubria      Tloc           N/A          75%         4    None
 Summon Lightning Spire   Summ/Air       ###.....     75%         4    None
 Alistair's Intoxication  Tmut/Pois      ###.....     97%         5    ###....
 Borgnjor's Vile Clutch   Necr/Erth      ###.......   97%         5    ###....
 Silence                  Hex/Air        ###.......   97%         5    ###....
 Chain Lightning          Conj/Air       ######....   99%         8    #######
 Lehudib's Crystal Spear  Conj/Erth      ######....   99%         8    #######
 Darkness                 Hex            ###.......   100%        6    #####..
 Dispersal                Tloc           ###.......   100%        6    #####..
 Shadow Creatures         Summ           N/A          100%        6    #####..
 Dragon Form              Tmut           ###.......   100%        7    ######.
 Malign Gateway           Summ/Tloc      ###.......   100%        7    ######.
 Monstrous Menagerie      Summ           ###.......   100%        7    ######.
 Summon Greater Demon     Summ           ###.......   100%        7    ######.
 Summon Hydra             Summ           ###.......   100%        7    ######.
 Summon Horrible Things   Summ           ###.......   100%        8    #######
 Dragon's Call            Summ           ###.......   100%        9    #######
 Glaciate                 Conj/Ice       ######....   100%        9    #######


Dungeon Overview and Level Annotations

Branches:
Dungeon (1/1)

Altars:
Ashenzari
Cheibriados
Dithmenos
Elyvilon
Fedhas
Gozag
Hepliaklqana
Kikubaaqudgha
Makhleb
Nemelex Xobeh
Okawaru
Qazlal
Ru
Sif Muna
Trog
Uskayaw
Vehumet
Wu Jian
Xom
Yredelemnul
Zin
The Shining One
Beogh
Jiyva
Lugonu

Annotations:
D Harold, Joseph, Kirke, Nikola


Innate Abilities, Weirdness & Mutations

You are resistant to torment.
Your stone body is resilient. (AC +8)
You are immune to poison.
You resist negative energy. (rN+)
You are resistant to electric shocks. (rElec)
You can survive without breathing.
You are immune to petrification.
You are immune to rotting.


Message History

Joseph shoots a sling bullet.
The sling bullet hits Aizul.
Kirke casts a spell.
Kirke summons a sphinx!
Unknown command.
You hit Aizul!
You kill Aizul!
Vehumet accepts your kill.
You feel your power returning.
Your Fighting skill increases to level 6!
Your Armour skill increases to level 6!
Your Shields skill increases to level 6!
Nikola gestures wildly while chanting.
You hear a mighty clap of thunder!
The lightning arc hits you! You resist.
* * * LOW HITPOINT WARNING * * *
The lightning arc hits Nikola.
The lightning arc hits you! You resist.
* * * LOW HITPOINT WARNING * * *
The lightning arc hits Harold!!
The lightning arc hits Nikola.
The lightning arc hits you. You resist.
You die...

▓..}:):[:.▓...).[[..▓.
▓..))}):..▓...)})...▓.
▓.........▓.........▓.
▓.........▓.........▓.
▓.....@...▓.........▓.
▓....))...▓.........▓.
▓..▓..)▓..▓.........▓.
▓.▓.@(@.▓.▓.........▓.
▓...@@H...▓....©....▓▓
▓▓▓▓▓▓▓▓▓▓▓▓▓▓▓▓▓▓▓▓▓


You could see Nikola, Kirke (invisible), a sphinx, Harold (wandering) and
Joseph.

Vanquished Creatures
  Aizul (D)
  A ghoul (D)
  2 two-headed ogres (D)
  A deep elf knight (D)
  Sonja (D)
  2 soul eaters (D)
  A deep elf mage (D)
  A cyclops (D)
  A naga mage (D)
  A spiny frog (D)
  Psyche (D)
  A troll (D)
  2 merfolk (D)
  Grinder (D)
  3 hippogriffs (D)
  2 yaks (D)
  2 basilisks (D)
  3 insubstantial wisps (D)
  2 nagas (D)
  A floating eye (D)
  A porcupine (D)
  2 necrophages (D)
  An eye of draining (D)
  2 ogres (D)
  2 centaurs (D)
  A bullfrog (D)
  3 jellies (D)
  An iguana (D)
  5 adders (D)
  4 oozes (D)
  2 adder skeletons (D)
  2 adder zombies (D)
  A bat skeleton (D)
  A bat zombie (D)
  A jackal (D)
  4 ball pythons (D)
  A ball python skeleton (D)
  A giant cockroach zombie (D)
  A leopard gecko zombie (D)
  A quokka skeleton (D)
  A spectral giant cockroach (D)
68 creatures vanquished.

Vanquished Creatures (others)
  Edmund (D)
  Terence (D)
2 creatures vanquished.

Grand Total: 70 creatures vanquished

Notes
Turn   | Place    | Note
-------+----------+-------------------------------------------
     0 | D        | Found the +6 Majin-Bo {vamp, Archmagi MP+6 Int+6}
     0 | D        | Found the +7 great mace "Firestarter" {inner flame, rF++}
     0 | D        | nuthulu the Gargoyle Fire Elementalist began the quest for
                  | the Orb.
     0 | D        | Reached XP level 1. HP: 10/10 MP: 3/3
     0 | D        | Found a deep blue altar of Sif Muna.
     0 | D        | Found a sacrificial altar of Ru.
     0 | D        | Found a bloodstained altar of Trog.
     0 | D        | Found a stormy altar of Qazlal.
     0 | D        | Found an iron altar of Okawaru.
     0 | D        | Found a sparkling altar of Nemelex Xobeh.
     0 | D        | Found a blossoming altar of Fedhas.
     2 | D        | Found a transporter.
     2 | D        | Found an ancient bone altar of Kikubaaqudgha.
     2 | D        | Found a viscous altar of Jiyva.
     2 | D        | Found a corrupted altar of Lugonu.
     2 | D        | Found a hazy altar of Hepliaklqana.
     2 | D        | Found a burning altar of Makhleb.
     2 | D        | Found an opulent altar of Gozag.
    17 | D        | Found the +9 heavy crossbow "Sniper" {velocity, Acc+∞ SInv}
    17 | D        | Found the +10 dark maul {crush}
    17 | D        | Found the +15 Maxwell's patent armour {-Cast -Tele rElec
                  | MR+ rCorr}
    17 | D        | Found the +18 shield of the Gong {rElec rN+ MR+ EV-5}
    17 | D        | Found the cursed +14 obsidian axe {chop, +Fly SInv *Curse}
    18 | D        | Found the +6 shillelagh "Devastator" {shatter}
    18 | D        | Found the +11 plutonium sword {*Contam Stlth-}
    18 | D        | Found the +8 lance "Wyrmbane" {slay drac, rPois rF+ rC+
                  | AC+3}
    18 | D        | Found the +9 sword of Zonguldrok {reap}
    18 | D        | Found the +0 sword of Power
    18 | D        | Found the +7 mace of Variability {chain chaos}
    18 | D        | Found the +7 Singing Sword {slice, sonic wave}
    18 | D        | Found the +7 longbow "Piercer" {penet, EV-2}
    29 | D        | Reached skill level 8 in Fire Magic
    29 | D        | Reached XP level 2. HP: 15/15 MP: 5/5
    40 | D        | Became a worshipper of Vehumet
    55 | D        | Entered arena 2.
    55 | D        | Noticed a deep elf knight
    55 | D        | Noticed a deep elf mage
    55 | D        | Found a transporter.
    63 | D        | Killed a deep elf mage
    63 | D        | Reached skill level 10 in Fire Magic
    63 | D        | Reached XP level 3. HP: 19/19 MP: 5/11
    63 | D        | Reached XP level 4. HP: 24/24 MP: 5/13
    63 | D        | Reached XP level 5. HP: 28/28 MP: 5/14
    63 | D        | Reached XP level 6. HP: 32/32 MP: 5/16
    64 | D        | Killed a deep elf knight
    64 | D        | Reached skill level 10 in Conjurations
    64 | D        | Reached skill level 12 in Fire Magic
    64 | D        | Reached XP level 7. HP: 36/36 MP: 5/19
    64 | D        | Reached XP level 8. HP: 41/41 MP: 5/20
   202 | D        | Learned a level 5 spell: Fireball
   207 | D        | Learned a level 4 spell: Sticky Flame
   281 | D        | Entered arena 3.
   281 | D        | Found a transporter.
   305 | D        | Reached * piety under Vehumet
   305 | D        | Offered knowledge of Freeze by Vehumet.
   513 | D        | Entered arena 4.
   513 | D        | Found a transporter.
   514 | D        | Offered knowledge of Throw Frost by Vehumet.
   514 | D        | Reached ** piety under Vehumet
   554 | D        | Entered arena 5.
   554 | D        | Found a transporter.
   555 | D        | Found the +2 cloak of the Thief {+Fog Slay-2 SInv Stlth+}
   555 | D        | Reached *** piety under Vehumet
   573 | D        | Got the ring of Departure {rF+ rC+ Stlth+}
   576 | D        | Entered arena 6.
   576 | D        | Found a transporter.
   577 | D        | Reached **** piety under Vehumet
   578 | D        | Reached XP level 9. HP: 45/45 MP: 20/22
   589 | D        | Entered arena 7.
   589 | D        | Noticed a troll
   589 | D        | Noticed a two-headed ogre
   589 | D        | Noticed a cyclops
   589 | D        | Noticed a two-headed ogre
   591 | D        | Killed a two-headed ogre
   591 | D        | Reached skill level 10 in Spellcasting
   591 | D        | Reached skill level 13 in Fire Magic
   593 | D        | Killed a troll
   593 | D        | Reached ***** piety under Vehumet
   594 | D        | Killed a two-headed ogre
   594 | D        | Reached skill level 14 in Fire Magic
   594 | D        | Reached XP level 10. HP: 50/50 MP: 9/25
   595 | D        | Killed a cyclops
   596 | D        | Found a transporter.
   745 | D        | Entered arena 8.
   746 | D        | Offered knowledge of Searing Ray by Vehumet.
   747 | D        | Reached ****** piety under Vehumet
   748 | D        | Found a transporter.
   756 | D        | Got the amulet "Cout" {Acrobat rC+++ Str-2 Dex-4 Slay+6}
   767 | D        | Learned a level 6 spell: Bolt of Fire
   769 | D        | Got the Compendium of Toxins
   777 | D        | Entered arena 9.
   781 | D        | Reached skill level 15 in Fire Magic
   782 | D        | Found a transporter.
   804 | D        | Learned a level 9 spell: Fire Storm
   818 | D        | Entered arena 10.
   818 | D        | Noticed a naga mage
   821 | D        | Killed a naga mage
   822 | D        | Found a transporter.
   830 | D        | Got Nifu's Grimoire of Orientation
   845 | D        | Entered arena 11.
   845 | D        | Noticed a spiny frog
   847 | D        | Reached skill level 1 in Fighting
   847 | D        | Reached skill level 1 in Armour
   847 | D        | Reached skill level 1 in Shields
   851 | D        | Killed a spiny frog
   851 | D        | Reached XP level 11. HP: 58/58 MP: 14/27
   864 | D        | Found a transporter.
   929 | D        | Entered arena 12.
   929 | D        | Noticed a soul eater
   930 | D        | Offered knowledge of Stone Arrow by Vehumet.
   930 | D        | Noticed a ghoul
   930 | D        | Noticed a soul eater
   931 | D        | Killed a soul eater
   931 | D        | Reached skill level 15 in Conjurations
   934 | D        | Killed a soul eater
   938 | D        | Killed a ghoul
   938 | D        | Reached skill level 5 in Fighting
   938 | D        | Reached skill level 5 in Shields
   940 | D        | Found a transporter.
  1013 | D        | Got Dacwor's Handbook of the Creative Mountains
  1042 | D        | Entered arena 13.
  1042 | D        | Noticed Edmund
  1042 | D        | Noticed Terence
  1042 | D        | Noticed Nikola
  1042 | D        | Noticed Grinder
  1043 | D        | Noticed Sonja
  1043 | D        | Noticed Psyche
  1043 | D        | Noticed Aizul
  1043 | D        | Noticed Joseph
  1043 | D        | Noticed Kirke
  1043 | D        | Noticed Harold
  1044 | D        | Noticed a harpy
  1044 | D        | Noticed a harpy
  1044 | D        | Killed Psyche
  1044 | D        | Reached skill level 5 in Armour
  1045 | D        | Killed Grinder
  1047 | D        | Killed Sonja
  1047 | D        | Reached skill level 16 in Fire Magic
  1049 | D        | Killed Edmund
  1049 | D        | Killed Terence
  1061 | D        | Noticed a sphinx
  1061 | D        | Killed Aizul
  1061 | D        | HP: 3/96 [Nikola/chain lightning (8)]
  1061 | D        | Killed from afar by Nikola

Skill      XL: |  1  2  3  4  5  6  7  8  9 10 11 |
---------------+----------------------------------+-----
Fire Magic     | 8 10 12 14 15 16 | 16.1
Spellcasting   | 7 8 9 11 12 13 | 13.6
Conjurations   | 8 10 11 13 14 15 | 15.7
Fighting       | 2 6 |  6.2
Armour         | 2 6 |  6.2
Shields        | 2 6 |  6.2
Dodging        | |  1.5
Stealth        | |  2.1

Action                   |  1- 3 |  4- 6 |  7- 9 | 10-12 || total
-------------------------+-------+-------+-------+-------++-------
Melee: Shillelagh        |     5 |     1 |    48 |       ||    54
       Staff             |       |       |       |    16 ||    16
 Cast: Flame Tongue      |       |       |     5 |     6 ||    11
       Fireball          |       |       |     7 |    22 ||    29
       Bolt of Fire      |       |       |       |     6 ||     6
  Use: Potion            |     3 |       |     3 |     5 ||    11
 Stab: Held in net/web   |       |       |       |     1 ||     1
  Eat: Chunk             |       |       |       |     5 ||     5
Armor: Robe              |       |       |    11 |       ||    11
Dodge: Dodged            |       |       |     1 |     1 ||     2
Block: Shield            |    10 |     1 |    46 |    44 ||   101
